 Dungeon Crawl Stone Soup version 0.30-a0-808-g6e0788376e (webtiles) character file.

Game seed: 15952097934109666157

42 Nacht the Digger (level 3, -4/19 HPs)
             Began as a Deep Elf Earth Elementalist on Feb 27, 2023.
             Slain by Terence
             ... wielding a +0 trident
              (11 damage)
             ... on level 2 of the Dungeon.
             The game lasted 00:01:30 (1069 turns).

Nacht the Digger (Deep Elf Earth Elementalist)      Turns: 1069, Time: 00:01:31

Health: -4/19      AC:  3    Str:  5    XL:     3   Next: 33%
Magic:  6/9        EV: 12    Int: 21    God:
Gold:   38         SH:  0    Dex: 15    Spells: 2/8 levels left

rFire   . . .      SeeInvis .    (no weapon)
rCold   . . .      Faith    .    (no shield)
rNeg    . . .      Spirit   .    a - +0 robe
rPois   .          Reflect  .    c - +0 helmet
rElec   .          Harm     .    (no cloak)
rCorr   .          Rampage  .    (no gloves)
Will    .....                    (no boots)
Stlth   ++                       h - amulet of magic regeneration
HPRegen 0.23/turn                (no ring)
MPRegen 0.51/turn                (no ring)

@: no status effects
A: no striking features
a: no special abilities


You were on level 2 of the Dungeon.
You visited 1 branch of the dungeon, and saw 2 of its levels.

You collected 38 gold pieces.

Inventory:

Armour
 a - a +0 robe (worn)
 c - a +0 helmet (worn)
Jewellery
 h - an amulet of magic regeneration (around neck)
Scrolls
 f - a scroll of noise {unknown}
 g - a scroll of teleportation {unknown}
Potions
 b - a potion of magic
 d - a potion of lignification {unknown}
 e - a potion of curing {unknown}


   Skills:
 - Level 2.4 Dodging
 - Level 2.4 Stealth
 - Level 3.0 Spellcasting
 + Level 0.7 Conjurations
 - Level 1.1 Transmutations
 + Level 4.8 Earth Magic


You had 2 spell levels left.
You knew the following spells:

 Your Spells              Type           Power      Damage    Failure   Level
a - Sandblast             Erth           46%        2d11      1%          1
b - Stone Arrow           Conj/Erth      28%        3d8       13%         3
w - Passwall              Tmut/Erth      12%        N/A       6%          2

Your spell library contained the following spells:

 Spells                   Type           Power      Damage    Failure   Level
 Petrify                  Tmut/Erth      15%        N/A       36%         4


Dungeon Overview and Level Annotations

Branches:
Dungeon (2/15)

Altars:

Annotations:
D:2 Terence


Message History

Aim: Terence, wielding a +0 trident and wearing a +0 scale mail of willpower (lightly wounded, unusually resistant, 85% to hit)
The blast of sand hits Terence but does no damage.
Terence is lightly wounded.
Terence closely misses you.
Terence hits you from afar with a +0 trident.
Casting: Sandblast (safe; 1% risk of failure)
Confirm with . or Enter, or press ? or * to list all spells.
Aiming: Sandblast (safe; 1% risk of failure)
Press: ? - help, Shift-Dir - straight line, f/p - Terence
Aim: Terence, wielding a +0 trident and wearing a +0 scale mail of willpower (lightly wounded, unusually resistant, 85% to hit)
The blast of sand hits Terence!
Terence is severely wounded.
Terence hits you from afar with a +0 trident.
Casting: Sandblast (safe; 1% risk of failure)
Confirm with . or Enter, or press ? or * to list all spells.
Aiming: Sandblast (safe; 1% risk of failure)
Press: ? - help, Shift-Dir - straight line, f/p - Terence
Aim: Terence, wielding a +0 trident and wearing a +0 scale mail of willpower (severely wounded, unusually resistant, 85% to hit)
The blast of sand hits Terence but does no damage.
Terence is severely wounded.
Terence hits you from afar with a +0 trident. x2
Casting: Sandblast (safe; 1% risk of failure)
Confirm with . or Enter, or press ? or * to list all spells.
Aiming: Sandblast (safe; 1% risk of failure)
Press: ? - help, Shift-Dir - straight line, f/p - Terence
Aim: Terence, wielding a +0 trident and wearing a +0 scale mail of willpower (severely wounded, unusually resistant, 85% to hit)
The blast of sand hits Terence but does no damage.
Terence is severely wounded.
Terence misses you.
Casting: Sandblast (safe; 1% risk of failure)
Confirm with . or Enter, or press ? or * to list all spells.
Aiming: Sandblast (safe; 1% risk of failure)
Press: ? - help, Shift-Dir - straight line, f/p - Terence
Aim: Terence, wielding a +0 trident and wearing a +0 scale mail of willpower (severely wounded, unusually resistant, 85% to hit)
The blast of sand hits Terence but does no damage.
Terence is severely wounded.
Terence completely misses you.
Terence hits you from afar with a +0 trident!
Ouch! That really hurt!
You die...

......#
#......##.#.#
.####.#
#......##.#.#
#.#
...#..#......#
#<#
###.#.........#
#.#
#.#.......#.#
#.#
#.##......#.#
#..
..##@######.##
### ####.####
#..# #...@...#
##.# ####....#
#.# ##...#
##.###### ##..#
#.......# ##.#
#..####.# ###
#..####.#
#...)##.#
#.##.##.#
#.##.##.#


You could see Terence (resistant).

Vanquished Creatures
  2 adders (D:2)
  A worm (D:2)
  A dart slug (D:1)
  A bat (D:1)
  An endoplasm (D:2)
  A giant cockroach (D:1)
  A goblin (D:2)
  4 quokkas
  A frilled lizard (D:1)
  3 kobolds
  3 rats
19 creatures vanquished.

Notes
Turn   | Place    | Note
-------+----------+-------------------------------------------
     0 | D:1      | Nacht the Deep Elf Earth Elementalist began the quest for
                  | the Orb.
     0 | D:1      | Reached XP level 1. HP: 10/10 MP: 6/6
   413 | D:1      | Found a faded altar of an unknown god.
   454 | D:1      | Reached XP level 2. HP: 15/15 MP: 6/8
   514 | D:1      | Reached skill level 4 in Earth Magic
   862 | D:2      | Reached XP level 3. HP: 15/19 MP: 3/9
   865 | D:2      | Learned a level 2 spell: Passwall
   869 | D:2      | Learned a level 3 spell: Stone Arrow
   903 | D:2      | Noticed Terence
  1069 | D:2      | Slain by Terence

Illustrated notes

Levels and vault maps discovered:
D:1:      tarquinn_simple_flora_water_c, layout_basic,
          shapermc_ecumenical_altar_mp_highgroup, minmay_curled_crystal
D:2:      layout_loops_cross, serial_bayou_pond_a, st_stairs_5,
          grunt_ministairs_8, uniq_robin, uniq_terence

Skill      XL: |  1  2 |
---------------+-------+-----
Earth Magic    | 4 |  4.8
Dodging        | |  2.4
Stealth        | |  2.4
Spellcasting   | |  3.0
Conjurations   | |  0.7
Transmutations | |  1.1

Action                     || total
---------------------------++-------
   Cast: Sandblast         ||    38
  Dodge: Dodged            ||    11

Table legend: (Time is in decaauts)
 A = Elapsed time spent in this place.
 B = Non-inter-level travel time spent in this place.
 C = Inter-level travel time spent in this place.
 D = Time resting spent in this place.
 E = Time spent auto-exploring this place.
 F = Levels seen in this place.
 G = Mean time per level.
                   A        B        C        D        E       F      G
               +--------+--------+--------+--------+--------+-----+--------+
         Total |   1087 |   1060 |     27 |      0 |    902 |   2 |  543.5 |
       Dungeon |   1087 |   1060 |     27 |      0 |    902 |   2 |  543.5 |
               +--------+--------+--------+--------+--------+-----+--------+

Top non-repeatable levels by time:
     D:1: 773 daAuts
     D:2: 314 daAuts
